 Dungeon Crawl Stone Soup version 0.32-a0-675-gdc239d62e1 (webtiles) character file.

Game seed: 3606574714142431294

5385 funkygono the Thaumaturge (level 10, -1/51 HPs)
             Began as a Deep Elf Fire Elementalist on Mar 11, 2024.
             Was a Believer of Sif Muna.
             Slain by a yak (5 damage)
             ... on level 9 of the Dungeon.
             The game lasted 00:18:46 (9442 turns).

funkygono the Thaumaturge (DEFE)                    Turns: 9442, Time: 00:18:47

Health: -1/51      AC: 15    Str:  5    XL:     10   Next: 39%
Magic:  29/29      EV: 15    Int: 25    God:    Sif Muna [**....]
Gold:   390        SH:  0    Dex: 22    Spells: 25/35 levels left

rFire   + + .        x - staff of conjuration
rCold   x . .        (no shield)
rNeg    . . .        I - +0 steam dragon scales
rPois   .            t - +2 hat
rElec   .            D - +2 cloak {Will+}
rCorr   .            o - +1 pair of gloves
SInv    .            e - +2 pair of boots of Elyvilon's Wrath {-Tele +Inv Dex+7}
Will    ++...        q - amulet of the acrobat
Stlth   +++          s - ring of protection from fire
HPRegen 0.28/turn    k - ring of fire
MPRegen 0.21/turn

%: no teleportation, acrobat
@: no status effects
A: no striking features
a: Renounce Religion, Evoke Invisibility, Channel Magic


You were on level 9 of the Dungeon.
You worshipped Sif Muna.
Sif Muna was pleased with you.
You visited 1 branch of the dungeon, and saw 9 of its levels.
You also visited: Ossuary.

You collected 390 gold pieces.

Inventory:

Hand Weapons
 c - a +1 quarterstaff
Missiles
 F - 2 throwing nets
Armour
 a - a +0 robe
 e - the +2 pair of boots of Elyvilon's Wrath (worn) {-Tele +Inv Dex+7}
   (You found it on level 3 of the Dungeon)

   Dex+7:     It affects your dexterity (+7).
   +Inv:      It lets you turn invisible.
   -Tele:     It prevents most forms of teleportation.
 o - a +1 pair of gloves (worn)
 p - an orb of energy
 t - a +2 hat (worn)
 D - a +2 cloak of willpower (worn)
 I - +0 steam dragon scales (worn)
Magical Staves
 x - a staff of conjuration (weapon)
Jewellery
 h - a ring of fire
 j - a +6 ring of dexterity
 k - a ring of fire (right hand)
 q - an amulet of the acrobat (around neck)
 s - a ring of protection from fire (left hand)
 v - an amulet of guardian spirit
Talismans
 b - a blade talisman
 f - a beast talisman
 G - a talisman of death
Wands
 m - a wand of flame (55)
 y - a wand of polymorph (12)
 B - a wand of roots (11)
Scrolls
 r - 5 scrolls of teleportation
 z - a scroll of enchant weapon
 A - a scroll of vulnerability
Potions
 d - 4 potions of brilliance
 g - 4 potions of curing
 i - 6 potions of enlightenment
 l - 2 potions of attraction
 n - 2 potions of haste
 u - 2 potions of invisibility
 w - a potion of resistance {unknown}
 C - 2 potions of heal wounds


   Skills:
 + Level 0.9 Fighting
 + Level 1.5 Staves
 + Level 4.3 Dodging
 + Level 4.3 Stealth
 + Level 13.0 Spellcasting
 + Level 6.0 Conjurations
 + Level 11.0 Fire Magic


You had 25 spell levels left.
You knew the following spells:

 Your Spells              Type           Power      Damage    Failure   Level
a - Foxfire               Conj/Fire      100%       2x1d9     1%          1
b - Scorch                Fire           100%       2d9       1%          2
c - Volatile Blastmotes   Fire/Tloc      100%       2d18      1%          3
d - Flame Wave            Conj/Fire      93%        2d20      1%          4

Your spell library contained the following spells:

 Spells                   Type           Power      Damage    Failure   Level
 Inner Flame              Hex/Fire       60%        N/A       1%          3
 Necrotise                Necr           64%        1d7       3%          1
 Mephitic Cloud           Conj/Alch/Air  39%        N/A       4%          3
 Lesser Beckoning         Tloc           32%        N/A       5%          2
 Mercury Vapours          Alch/Air       32%        N/A       5%          2
 Gell's Gravitas          Tloc           16%        N/A       11%         3
 Ozocubu's Armour         Ice            16%        N/A       11%         3
 Teleport Other           Tloc           16%        N/A       11%         3
 Tukima's Dance           Hex            16%        N/A       11%         3
 Vampiric Draining        Necr           16%        2d7       11%         3
 Iskenderun's Mystic Bla  Conj/Tloc      47%        2d10      11%         4
 Dimensional Bullseye     Hex/Tloc       8%         N/A       34%         4
 Martyr's Knell           Necr/Summ      16%        N/A       34%         4
 Curse of Agony           Necr           16%        N/A       69%         5
 Metabolic Englaciation   Hex/Ice        8%         N/A       69%         5
 Eringya's Noxious Bog    Alch           8%         4d6       99%         6
 Sculpt Simulacrum        Ice/Alch       8%         N/A       99%         6


Dungeon Overview and Level Annotations

Branches:
Dungeon (9/15)             Temple (0/1) D:7         Ossuary (visited)
   Lair: D:8-11         Orc: D:9-12

Altars:
Cheibriados
Nemelex Xobeh
Qazlal
Sif Muna
Uskayaw
Vehumet
Wu Jian
Xom
Zin
The Shining One

Annotations:
D:8 2 runed translucent doors


Message History

You feel a strong surge of power!
A wave of flame ripples out!
The flame wave engulfs the orc!
You kill the orc!
Sif Muna accepts your kill.
The flame wave engulfs the yak!!
The yak is heavily wounded.
The flame wave engulfs the orc!
You kill the orc!
Sif Muna accepts your kill.
The flame wave engulfs the howler monkey.
The howler monkey is moderately wounded. (Press . to intensify the flame waves.)
The howler monkey barely misses you. The yak gores you but does no damage.
A wave of flame ripples out!
The flame wave engulfs the yak!!
You kill the yak!
Sif Muna accepts your kill.
The flame wave engulfs the howler monkey!!
You kill the howler monkey!
Sif Muna accepts your kill.
Your Spellcasting skill increases to level 13!
Your Fire Magic skill increases to level 11!
You start resting.
Magic restored.
Search for what [Enter for "armour", or ? for help]?
You climb downwards.
A wyvern comes into view.
The centaur shoots an arrow.
The arrow hits you! The orc hits you but does no damage. The yak gores you!
A yak comes into view. x2
The orc priest calls down the wrath of Beogh upon you.
Beogh smites you!
* * * LOW HITPOINT WARNING * * *
The yak gores you but does no damage.
The orc throws a boomerang.
The boomerang closely misses you.
There is a stone staircase leading up, spattered with blood here.
The centaur shoots an arrow.
The arrow hits you.
* * * LOW HITPOINT WARNING * * *
The orc hits you but does no damage. The yak gores you but does no damage.
The yak gores you.
You die... .Y.oo... .). ..YY.. ...
YY....

.... ....#.....
#...#...#
.c.....# #.$..#
#@Yo# #$)YoY.#
.c..##._[.....#
.....#cK.#.....#
.....K.##.......#
....o.k.[...#####
.........g.#... .
gP.........#
..P.#..h$...#


You could see 8 yaks, a wyvern (wandering), a kobold brigand, 2 centaurs, an orc
priest, a gnoll, 4 orcs and a kobold.

Vanquished Creatures
  Sigmund (D:2)
  A wyvern (D:9)
  Eustachio (D:6)
  3 steam dragons
  5 yaks (D:8)
  Menkaure (D:7)
  A water moccasin (D:7)
  2 orc warriors
  2 ice beasts (D:7)
  3 sky beasts
  2 black bears (D:6)
  3 ogres
  2 centaurs (D:8)
  A gnoll sergeant (D:9)
  Blork the orc (D:5)
  5 bullfrogs
  2 scorpions
  2 burial acolytes (Ossuary)
  3 wights (Ossuary)
  6 killer bees (D:9)
  2 electric eels (D:8)
  3 howler monkeys
  A hound (D:7)
  A bombardier beetle (D:6)
  4 orc priests
  2 sleepcaps (D:7)
  2 gnoll boudas
  Crazy Yiuf (D:6)
  Natasha (thrice) (D:2)
  7 iguanas
  6 orc wizards
  11 gnolls
  4 adders
  5 white imps
  3 adder skeletons (Ossuary)
  3 dart slugs
  2 ribbon worms
  39 orcs
  4 bats
  9 endoplasms
  3 giant cockroaches
  12 goblins
  4 hobgoblins
  2 jackals (D:5)
  8 kobolds
  2 quokkas
  8 ball pythons
  A ball python skeleton (Ossuary)
  3 frilled lizards
  2 hobgoblin skeletons (Ossuary)
  2 kobold skeletons (Ossuary)
  An orc skeleton (Ossuary)
  9 rats
  A butterfly (D:9)
217 creatures vanquished.

Vanquished Creatures (others)
  A catoblepas (D:8)
  An unseen horror (D:8)
  581 foxfires
583 creatures vanquished.

Grand Total: 800 creatures vanquished

Notes
Turn   | Place    | Note
-------+----------+-------------------------------------------
     0 | D:1      | funkygono the Deep Elf Fire Elementalist began the quest
                  | for the Orb.
     0 | D:1      | Reached XP level 1. HP: 10/10 MP: 6/6
   137 | D:1      | Reached XP level 2. HP: 15/15 MP: 2/8
   140 | D:1      | Learned a level 2 spell: Scorch
   751 | D:2      | Reached XP level 3. HP: 19/19 MP: 2/9
   846 | D:2      | Learned a level 3 spell: Volatile Blastmotes
  1132 | D:2      | Noticed Natasha
  1137 | D:2      | Killed Natasha
  1138 | D:2      | Reached XP level 4. HP: 24/24 MP: 4/11
  1233 | D:2      | Reached skill level 4 in Spellcasting
  1251 | D:2      | Noticed Natasha
  1257 | D:2      | Killed Natasha
  1389 | D:2      | Noticed Natasha
  1394 | D:2      | Killed Natasha
  1397 | D:2      | Noticed Sigmund
  1477 | D:2      | Killed Sigmund
  1478 | D:2      | Reached skill level 5 in Spellcasting
  1478 | D:2      | Reached skill level 5 in Fire Magic
  1478 | D:2      | Reached XP level 5. HP: 26/28 MP: 9/15
  1478 | D:2      | Reached XP level 6. HP: 30/32 MP: 9/16
  1662 | D:2      | Learned a level 4 spell: Flame Wave
  1697 | D:3      | Identified the +2 pair of boots of Elyvilon's Wrath {-Tele
                  | +Inv Dex+7}
  1918 | D:3      | Got the Precepts of Friendship
  2225 | D:4      | Reached skill level 6 in Spellcasting
  2834 | D:4      | Found a glowing silver altar of Zin.
  3124 | D:4      | Reached XP level 7. HP: 36/36 MP: 16/19
  3151 | D:4      | Reached skill level 7 in Spellcasting
  3726 | D:5      | Entered Level 5 of the Dungeon
  3920 | D:5      | Found a snail-covered altar of Cheibriados.
  4372 | D:5      | Noticed Blork the orc
  4376 | D:5      | Killed Blork the orc
  4377 | D:5      | Reached XP level 8. HP: 41/41 MP: 17/21
  4402 | D:5      | Found a shimmering blue altar of Sif Muna.
  4638 | D:5      | Became a worshipper of Sif Muna the Loreminder
  4670 | D:6      | Reached skill level 8 in Spellcasting
  4784 | D:6      | Found a sand-covered staircase.
  4789 | D:6      | Reached skill level 1 in Staves
  4822 | D:6      | Reached skill level 9 in Spellcasting
  4866 | Ossuary  | Entered an ossuary
  5061 | Ossuary  | Reached * piety under Sif Muna
  5448 | D:6      | Noticed Eustachio
  5454 | D:6      | Killed Eustachio
  5455 | D:6      | Reached skill level 10 in Spellcasting
  5455 | D:6      | Reached XP level 9. HP: 46/46 MP: 12/25
  5464 | D:6      | Reached skill level 5 in Conjurations
  5694 | D:6      | Found a hide-covered altar of Uskayaw.
  5723 | D:6      | Found a stormy altar of Qazlal.
  5852 | D:6      | Found a glowing golden altar of the Shining One.
  6054 | D:6      | Found a runed translucent door.
  6055 | D:6      | Noticed Crazy Yiuf
  6152 | D:6      | Killed Crazy Yiuf
  6250 | D:7      | Found a staircase to the Ecumenical Temple.
  6608 | D:7      | Noticed Menkaure
  6619 | D:7      | Killed Menkaure
  6827 | D:7      | Found a radiant altar of Vehumet.
  6847 | D:7      | Reached skill level 11 in Spellcasting
  7124 | D:7      | Reached ** piety under Sif Muna
  7283 | D:7      | Found a sparkling altar of Nemelex Xobeh.
  7578 | D:8      | Found a runed translucent door.
  7578 | D:8      | Noticed an efreet
  7856 | D:8      | Reached skill level 10 in Fire Magic
  7951 | D:8      | Found a runed translucent door.
  7951 | D:8      | Noticed a catoblepas
  7951 | D:8      | Noticed a boulder beetle
  8055 | D:8      | Reached skill level 12 in Spellcasting
  8148 | D:8      | Reached XP level 10. HP: 46/51 MP: 17/28
  8297 | D:8      | Found an ornate altar of the Wu Jian Council.
  8842 | D:9      | Found a shimmering altar of Xom.
  9027 | D:8      | Killed a catoblepas
  9414 | D:8      | Reached skill level 13 in Spellcasting
  9442 | D:9      | Slain by a yak

Illustrated notes

Levels and vault maps discovered:
D:1:      dpeg_arrival_shelter, layout_rooms
D:2:      layout_rooms, uniq_sigmund, uniq_natasha
D:3:      layout_rooms, columned_hall_lemuel, kennysheep_potato
D:4:      layout_basic, marbit_many_paths
D:5:      layout_rooms, tgw_sif, slow_altar_1
D:6:      layout_basic, tso_oasis_becter, mainiacjoe_overflow_two_lobes,
          enter_ossuary_3, dk_rats_in_the_wall, uniq_crazy_yiuf_cottage,
          uniq_eustachio
D:7:      layout_basic, mainiacjoe_overflow_alcove_2, nemelex_dance_club_becter,
          minmay_temple_entry_tees, kennysheep_small_spiral,
          hangedman_abyss_or_decor_lesser_grid, hellmonk_no_cap, uniq_menkaure
D:8:      minmay_the_grid_triangle_9x9_rhombus_thin
          [minmay_the_grid_triangle_9x9_empty,
          minmay_the_grid_triangle_9x9_prize_schism,
          minmay_the_grid_triangle_9x9_tough_junction,
          minmay_the_grid_triangle_9x9_intruding_spiral], layout_basic,
          pdpol_wu_jian_five_deadly_venoms
D:9:      bobbens_index_wilting_gardens, layout_cave_pools, lemuel_doored_altar,
          xom_butterflies, dpeg_oklobed_lair, serial_bayou_pond_e

Skill      XL: |  1  2  3  4  5  6  7  8  9 10 |
---------------+-------------------------------+-----
Fire Magic     | 4 5 6 8 10 11 | 11.0
Spellcasting   | 5 6 7 10 12 13 | 13.0
Conjurations   | 2 3 4 5 6 |  6.0
Stealth        | 3 4 |  4.3
Dodging        | 3 4 |  4.3
Staves         | 1 |  1.5
Fighting       | |  0.9

Action                     |  1- 3 |  4- 6 |  7- 9 | 10-12 || total
---------------------------+-------+-------+-------+-------++-------
  Melee: Quarterstaff      |     1 |     6 |    11 |       ||    18
         Staff             |       |       |    21 |    26 ||    47
   Cast: Foxfire           |    57 |    60 |   206 |    11 ||   334
         Scorch            |     5 |    10 |    69 |     5 ||    89
         Flame Wave        |       |       |     1 |     6 ||     7
    Use: Scroll            |       |     7 |    12 |     2 ||    21
         Potion            |       |       |     1 |       ||     1
 Armour: Robe              |       |     9 |    40 |       ||    49
         Steam dragon scal |       |       |     2 |    55 ||    57
  Dodge: Dodged            |       |    19 |    38 |    59 ||   116

Table legend: (Time is in decaauts)
 A = Elapsed time spent in this place.
 B = Non-inter-level travel time spent in this place.
 C = Inter-level travel time spent in this place.
 D = Time resting spent in this place.
 E = Time spent auto-exploring this place.
 F = Levels seen in this place.
 G = Mean time per level.
                   A        B        C        D        E       F      G
               +--------+--------+--------+--------+--------+-----+--------+
         Total |   9462 |   9078 |    384 |    313 |   7306 |  10 |  946.2 |
       Dungeon |   8958 |   8574 |    384 |    249 |   6945 |   9 |  995.3 |
       Ossuary |    504 |    504 |      0 |     64 |    361 |   1 |  504.0 |
               +--------+--------+--------+--------+--------+-----+--------+

Top non-repeatable levels by time:
     D:8: 1954 daAuts
     D:4: 1503 daAuts
     D:7: 1260 daAuts
     D:6: 1044 daAuts
     D:2: 939 daAuts
     D:5: 937 daAuts
     D:1: 739 daAuts
     D:3: 552 daAuts
 Ossuary: 504 daAuts
     D:9: 26 daAuts
